 Dungeon Crawl Stone Soup version 0.30.1-11-g7821555f0a (webtiles) character file.

Game seed: 17146752258619631816

14235 Quickbrownfox the Destroyer (level 12, -10/83 HPs)
             Began as an Octopode Conjurer on Nov 26, 2023.
             Was an Initiate of Gozag.
             Mangled by a +7 falchion of the Seven Seas {spect, rF- rC+ rCorr Dex+3} (19 damage)
             ... created by a minotaur
             ... in a Gauntlet.
             The game lasted 00:35:47 (15113 turns).

Quickbrownfox the Destroyer (Octopode Conjurer)    Turns: 15113, Time: 00:35:49

Health: -10/83     AC:  5    Str:  7    XL:     12   Next: 14%
Magic:  25/25      EV: 14    Int: 28    God:    Gozag
Gold:   705        SH:  7    Dex: 10    Spells: 13/30 levels left

rFire   + . .        b - +2 short sword (venom)
rCold   + + +        y - +3 buckler {rN+}
rNeg    + + +        (helmet restricted)
rPois   +            G - amulet of Vitality {RegenMP++ Regen++}
rElec   +            r - +4 ring of protection
rCorr   +            v - ring of flight
SInv    .            x - ring of protection from cold
Will    +....        I - ring of wizardry
Stlth   ++++         J - ring of willpower
HPRegen 1.93/turn    L - ring of poison resistance
MPRegen 0.99/turn    Q - ring "Ivvu" {rC+ Int+3 Slay+2}
                     S - ring of Ryg Lom {rPois rN++}

%: no teleportation, wizardry (x1)
@: resistant, flying, invisible
A: almost no armour, amphibious, 8 rings, camouflage 1, gelatinous body 1,
(nimble swimmer 1), tentacles, robust 1
a: Renounce Religion, Potion Petition, Call Merchant, Bribe Branch


You were in a Gauntlet.
You worshipped Gozag.
Gozag was pleased with you.
You visited 2 branches of the dungeon, and saw 13 of its levels.
You also visited: Ossuary and Gauntlet.

You collected 1785 gold pieces.
You spent 451 gold pieces at shops.
You paid 629 gold pieces to Gozag.

Inventory:

Hand Weapons
 b - a +2 short sword of venom (weapon)
 c - a +0 hand axe of flaming
 l - the +3 long sword of Wuacw {drain, Will- Str+4 Dex+3}
   (You found it on level 5 of the Dungeon)

   Str:       It affects your strength (+4).
   Dex:       It affects your dexterity (+3).
   Will:      It decreases your willpower.
 o - a +4 dagger
 B - a +0 short sword of holy wrath
 R - a +3 rapier of flaming
Missiles
 F - a throwing net
Armour
 y - a +3 buckler of positive energy (worn)
Jewellery
 r - a +4 ring of protection (left tentacle)
 v - a ring of flight (right tentacle)
 x - a ring of protection from cold (on tentacle)
 G - the amulet of Vitality (around mantle) {RegenMP++ Regen++}
   (You found it on level 7 of the Dungeon)

   [amulet of magic regeneration]

   It increases your rate of magic regeneration.
   Regen:     It increases your rate of health regeneration.
 I - a ring of wizardry (on tentacle)
 J - a ring of willpower (on tentacle)
 K - a ring of fire
 L - a ring of poison resistance (on tentacle)
 M - an amulet of the acrobat
 Q - the ring "Ivvu" (on tentacle) {rC+ Int+3 Slay+2}
   (You found it in a Gauntlet)

   [ring of protection from cold]

   Int:       It affects your intelligence (+3).
   Slay:      It affects your accuracy & damage with ranged weapons and melee
   (+2).
   rC:        It protects you from cold.
 S - the ring of Ryg Lom (on tentacle) {rPois rN++}
   (You found it in a Gauntlet)

   [ring of poison resistance]

   rPois:     It protects you from poison.
   rN:        It greatly protects you from negative energy.
Wands
 z - a wand of digging (14)
 O - a wand of quicksilver (3)
Scrolls
 e - 9 scrolls of identify
 g - 2 scrolls of magic mapping
 j - 8 scrolls of teleportation
 n - 2 scrolls of noise
 q - 2 scrolls of enchant weapon
 D - 3 scrolls of amnesia
 H - a scroll of enchant armour
Potions
 a - 3 potions of magic
 d - 8 potions of curing
 f - 3 potions of attraction
 h - 6 potions of degeneration
 i - 5 potions of ambrosia
 k - a potion of might
 m - 2 potions of invisibility
 p - a potion of brilliance
 s - a potion of resistance
 t - 2 potions of cancellation
 u - 4 potions of mutation
 w - a potion of heal wounds
 C - a potion of lignification
 E - a potion of haste
Miscellaneous
 A - a phantom mirror
 N - a phial of floods
 P - a box of beasts


   Skills:
 + Level 4.9 Fighting
 + Level 3.8(4.6) Short Blades
 + Level 4.0(4.7) Long Blades
 + Level 6.1 Dodging
 + Level 6.4 Stealth
 + Level 2.2 Shields
 + Level 9.8 Spellcasting
 + Level 11.1 Conjurations
 + Level 4.0 Translocations
 + Level 4.9 Earth Magic


You had 13 spell levels left.
You knew the following spells:

 Your Spells              Type           Power      Damage    Failure   Level
a - Magic Dart            Conj           100%       1d8       1%          1
b - Searing Ray           Conj           100%       2d8       1%          2
c - Iskenderun's Mystic   Conj/Tloc      54%        2d12      1%          4
d - Fulminant Prism       Conj/Hex       22%        3d12      2%          4
e - Ignite Poison         Fire/Tmut/Pois 13%        N/A       9%          3
f - Stone Arrow           Conj/Erth      100%       3d13      1%          3

Your spell library contained the following spells:

 Spells                   Type           Power      Damage    Failure   Level
 Apportation              Tloc           72%        N/A       1%          1
 Sandblast                Erth           82%        2d17      1%          1
 Passwall                 Tmut/Erth      22%        N/A       1%          2
 Dazzling Flash           Conj/Hex       88%        N/A       1%          3
 Portal Projectile        Hex/Tloc       50%        N/A       3%          3
 Cigotuvi's Dreadful Rot  Necr/Pois/Air  26%        N/A       4%          2
 Ensorcelled Hibernation  Hex/Ice        26%        N/A       4%          2
 Spider Form              Tmut/Pois      13%        N/A       9%          3
 Tukima's Dance           Hex            13%        N/A       9%          3
 Petrify                  Tmut/Erth      27%        N/A       10%         4
 Freezing Cloud           Conj/Ice/Air   17%        6-21      16%         5
 Anguish                  Hex/Necr       6%         N/A       26%         4
 Alistair's Intoxication  Tmut/Pois      8%         N/A       56%         5
 Blade Hands              Tmut           6%         N/A       56%         5
 Metabolic Englaciation   Hex/Ice        6%         N/A       56%         5
 Statue Form              Tmut/Erth      18%        N/A       78%         6


Dungeon Overview and Level Annotations

Branches:
Dungeon (12/15)            Temple (1/1) D:6            Lair (0/5) D:11
    Orc (0/2) D:12        Ossuary (visited)         Gauntlet (1/1)

Altars:
Ashenzari
Cheibriados
Dithmenos
Elyvilon
Gozag
Hepliaklqana
Kikubaaqudgha
Makhleb
Nemelex Xobeh
Okawaru
Qazlal
Ru
Sif Muna
Trog
Uskayaw
Vehumet
Wu Jian
Xom
Yredelemnul
Zin
The Shining One

Shops:
D:1 [   D:4 [   D:8 *   D:11 *

Annotations:
D:6 2 transporters, jotaen's ghost, novice TrBe
D:10 2 transporters, laros's ghost, novice MiBe Gauntlet 8 transporters


Innate Abilities, Weirdness & Mutations

You cannot wear most types of armour.
You are amphibious.
You can wear up to eight rings at the same time.
Your skin changes colour to match your surroundings (Stealth+).
Your rubbery body absorbs attacks. (AC +1, EV +1)
((You are camouflaged when in or above water. (Stealth+)))
You have tentacles for arms and can constrict up to eight enemies at once.
You are robust. (+10% HP)


Message History

Confirm with . or Enter, or press ? or * to list all spells.
Okay, then.
A minotaur comes into view.
It is wielding the +7 falchion of the Seven Seas {spect, rF- rC+ rCorr Dex+3} and wearing the amulet "Irema" {Faith rElec Int+2}.
The minotaur bellows!
The minotaur throws a javelin.
The javelin pierces through you!!
You fade into invisibility!
The minotaur throws a javelin.
The javelin misses you. The minotaur barely misses you.
The +7 falchion of the Seven Seas {spect, rF- rC+ rCorr Dex+3} hits you.
The minotaur barely misses you.
A +7 falchion of the Seven Seas {spect, rF- rC+ rCorr Dex+3} comes into view.
You completely miss the minotaur. You grab the minotaur.
You constrict the minotaur, but do no damage.
You block the +7 falchion of the Seven Seas {spect, rF- rC+ rCorr Dex+3}'s attack.
The minotaur barely misses you.
The +7 falchion of the Seven Seas {spect, rF- rC+ rCorr Dex+3} hits you.
The minotaur gores you.
You hit the minotaur but do no damage.
The minotaur is poisoned.
You squeeze the minotaur, but do no damage.
You constrict the minotaur, but do no damage.
You block the +7 falchion of the Seven Seas {spect, rF- rC+ rCorr Dex+3}'s attack.
The +7 falchion of the Seven Seas {spect, rF- rC+ rCorr Dex+3} hits you.
The minotaur hits you with the +7 falchion of the Seven Seas {spect, rF- rC+ rCorr Dex+3}!!
The +7 falchion of the Seven Seas {spect, rF- rC+ rCorr Dex+3} hits you!
* * * LOW HITPOINT WARNING * * *
The minotaur barely misses you.
You block the +7 falchion of the Seven Seas {spect, rF- rC+ rCorr Dex+3}'s attack.
Unknown command.
Okay, then.
You feel much better.
You constrict the minotaur.
The +7 falchion of the Seven Seas {spect, rF- rC+ rCorr Dex+3} barely misses you.
The +7 falchion of the Seven Seas {spect, rF- rC+ rCorr Dex+3} hits you!
The minotaur hits you with the +7 falchion of the Seven Seas {spect, rF- rC+ rCorr Dex+3}!
* * * LOW HITPOINT WARNING * * *
You block the +7 falchion of the Seven Seas {spect, rF- rC+ rCorr Dex+3}'s attack.
The minotaur gores you!
* * * LOW HITPOINT WARNING * * *
The +7 falchion of the Seven Seas {spect, rF- rC+ rCorr Dex+3} hits you!!
You die...
Your body crumbles into a pile of gold.

#.###..# ######
#..##... ####....#
#...#..#
#....##.###...#..#
#.#####.#.#.©.#8.#
#.# #.#.#...#..#
#.# $ #.#...©.#∩.#
#.# #.#.#...#..#
#@# #...#.©.#8.#
#(H..##.#.#...#..#
####..#.#.#...#..#
####.#..##...
..#.###..#
######≈..# ##..#
#≈..# ##..#


You could see a minotaur (unable to see you, very poisoned) and a +7 falchion of
the Seven Seas {spect, rF- rC+ rCorr Dex+3}.

Vanquished Creatures
  A centaur warrior (D:11)
  2 two-headed ogres
  A wizard (Gauntlet)
  2 unseen horrors (D:11)
  An apocalypse crab (Gauntlet)
  2 kobold demonologists
  A komodo dragon (D:11)
  2 raiju (Gauntlet)
  A wraith (D:10)
  2 wyverns
  2 vampires (D:10)
  Eustachio (D:5)
  16 yaks
  A basilisk (D:11)
  A steam dragon (D:9)
  Edmund (D:6)
  An acid dragon (D:11)
  6 water moccasins
  8 orc warriors
  3 black bears
  An ogre (D:6)
  9 centaurs
  2 phantoms
  5 kobold brigands
  2 bullfrogs
  Blork the orc (D:5)
  4 gnoll sergeants
  11 scorpions
  5 wights
  5 killer bees (D:8)
  5 howler monkeys
  4 hounds
  2 human zombies (Ossuary)
  2 centaur zombies (Ossuary)
  A jelly (D:6)
  6 orc priests
  2 gnoll boudas
  3 iguanas (D:5)
  12 orc wizards
  A sleepcap (D:4)
  Natasha (twice) (D:3)
  2 lightning spires (Gauntlet)
  4 scorpion zombies (Ossuary)
  3 mummies (Ossuary)
  24 gnolls
  13 adders
  2 shadow imps
  3 white imps
  An ufetubus (D:4)
  2 worms
  3 dart slugs
  48 orcs
  4 endoplasms
  11 giant cockroaches
  2 gnoll zombies (Ossuary)
  6 goblins
  10 hobgoblins
  8 jackals
  4 quokkas
  4 ball pythons
  4 bats
  4 frilled lizards
  3 goblin zombies (Ossuary)
  3 hobgoblin zombies (Ossuary)
  50 kobolds
  A kobold zombie (Ossuary)
  4 orc zombies (Ossuary)
  8 rats
  2 rat zombies (D:4)
373 creatures vanquished.

Notes
Turn   | Place    | Note
-------+----------+-------------------------------------------
     0 | D:1      | Quickbrownfox the Octopode Conjurer began the quest for the
                  | Orb.
     0 | D:1      | Reached XP level 1. HP: 11/11 MP: 3/3
   170 | D:1      | Reached XP level 2. HP: 17/17 MP: 0/5
   468 | D:1      | Found Guteinut's Antique Armour Boutique.
   500 | D:1      | Reached XP level 3. HP: 21/21 MP: 0/6
   573 | D:1      | Found a faded altar of an unknown god.
  1017 | D:2      | Learned a level 2 spell: Searing Ray
  1038 | D:2      | Reached skill level 5 in Conjurations
  1038 | D:2      | Reached XP level 4. HP: 22/27 MP: 1/7
  1785 | D:2      | Reached XP level 5. HP: 7/31 MP: 1/9
  2278 | D:3      | Learned a level 4 spell: Iskenderun's Mystic Blast
  2638 | D:3      | Noticed Natasha
  2653 | D:3      | Gained mutation: You are robust. (+10% HP) [potion of
                  | mutation]
  2654 | D:3      | Killed Natasha
  2655 | D:3      | Reached XP level 6. HP: 29/40 MP: 1/10
  2914 | D:3      | Noticed Natasha
  2918 | D:3      | Killed Natasha
  2919 | D:3      | Reached skill level 6 in Conjurations
  3401 | D:4      | Found a sand-covered staircase.
  3408 | Ossuary  | Entered an ossuary
  3428 | Ossuary  | Reached skill level 1 in Fighting
  3564 | Ossuary  | Reached XP level 7. HP: 12/47 MP: 1/12
  3718 | Ossuary  | Reached skill level 1 in Short Blades
  4371 | Ossuary  | Reached XP level 8. HP: 28/55 MP: 7/14
  4379 | Ossuary  | Reached skill level 7 in Conjurations
  5255 | D:4      | Found Luihacvae's Armour Boutique.
  5794 | D:5      | Entered Level 5 of the Dungeon
  5811 | D:5      | Reached skill level 5 in Spellcasting
  6184 | D:5      | Noticed a yak
  6185 | D:5      | Noticed a yak
  6185 | D:5      | Noticed a yak
  6188 | D:5      | Noticed a yak
  6196 | D:5      | Killed a yak
  6198 | D:5      | Killed a yak
  6199 | D:5      | Reached skill level 1 in Translocations
  6199 | D:5      | Reached XP level 9. HP: 13/60 MP: 1/17
  6363 | D:5      | Reached skill level 8 in Conjurations
  6816 | D:5      | Noticed Blork the orc
  7020 | D:5      | Noticed Eustachio
  7104 | D:5      | Killed Blork the orc
  7112 | D:5      | Killed Eustachio
  7360 | D:5      | Identified the +3 long sword of Wuacw {drain, Will- Str+4
                  | Dex+3}
  8000 | D:1      | Bought a runed buckler for 217 gold pieces
  8135 | D:5      | Found a sacrificial altar of Ru.
  8275 | D:5      | Found a shimmering altar of Xom.
  8836 | D:6      | Noticed Edmund
  8842 | D:6      | Reached skill level 9 in Conjurations
  8844 | D:6      | Killed Edmund
  8845 | D:6      | Reached skill level 5 in Stealth
  8850 | D:6      | Reached XP level 10. HP: 43/69 MP: 4/20
  8958 | D:6      | Found a staircase to the Ecumenical Temple.
  9083 | D:6      | Reached skill level 1 in Long Blades
  9244 | D:6      | Found a transporter.
  9264 | D:6      | Learned a level 4 spell: Fulminant Prism
  9454 | D:6      | Found a transporter.
  9465 | D:6      | Noticed jotaen's ghost (novice TrBe)
  9655 | D:6      | Found a radiant altar of Vehumet.
 10164 | D:6      | Reached skill level 5 in Dodging
 10486 | D:7      | Found the amulet of Vitality {RegenMP++ Regen++}
 10762 | Temple   | Entered the Ecumenical Temple
 10841 | Temple   | Became a worshipper of Gozag Ym Sagoz the Greedy
 11549 | D:8      | Found Gsaut's Goods Gallery.
 11585 | D:8      | Learned a level 3 spell: Ignite Poison
 11711 | D:8      | Found a glowing silver altar of Zin.
 12106 | D:8      | Bought a book of Geomancy for 234 gold pieces
 12110 | D:8      | Learned a level 3 spell: Stone Arrow
 12530 | D:9      | Reached skill level 10 in Conjurations
 12587 | D:9      | Reached skill level 1 in Earth Magic
 13022 | D:10     | Entered Level 10 of the Dungeon
 13048 | D:10     | Reached XP level 11. HP: 75/75 MP: 18/23
 13199 | D:10     | Reached skill level 1 in Shields
 13327 | D:10     | Found a transporter.
 13328 | D:10     | Noticed a moth of wrath
 13328 | D:10     | Noticed laros's ghost (novice MiBe)
 13362 | D:10     | Found a transporter.
 14138 | D:11     | Noticed a two-headed ogre
 14189 | D:11     | Killed a two-headed ogre
 14310 | D:11     | Found a staircase to the Lair.
 14368 | D:11     | Noticed a centaur warrior
 14377 | D:11     | Killed a centaur warrior
 14519 | D:11     | You are sucked into a shaft and drop 1 floor!
 14602 | D:12     | Noticed a two-headed ogre
 14610 | D:12     | Killed a two-headed ogre
 14785 | D:12     | Reached skill level 11 in Conjurations
 14785 | D:12     | Reached XP level 12. HP: 83/83 MP: 20/25
 14788 | D:12     | Found a gate leading to a gauntlet.
 14795 | Gauntlet | Entered a Gauntlet
 14795 | Gauntlet | Found a transporter.
 14795 | Gauntlet | Found a transporter.
 14808 | Gauntlet | Found a transporter.
 14808 | Gauntlet | Noticed a death scarab
 14825 | Gauntlet | Found a transporter.
 14826 | Gauntlet | Found a transporter.
 14826 | Gauntlet | Found a transporter.
 14829 | Gauntlet | Found a transporter.
 14829 | Gauntlet | Found a transporter.
 14841 | Gauntlet | Found a transporter.
 14859 | Gauntlet | Found a transporter.
 14869 | Gauntlet | Found a transporter.
 14871 | Gauntlet | Noticed a reaper
 14883 | Gauntlet | Found a transporter.
 14904 | Gauntlet | Found a transporter.
 14905 | Gauntlet | Found a runed translucent door.
 14916 | Gauntlet | Found a transporter.
 14993 | Gauntlet | Identified the ring "Ivvu" {rC+ Int+3 Slay+2}
 15063 | Gauntlet | Identified the ring of Ryg Lom {rPois rN++}
 15107 | Gauntlet | Identified the +7 falchion of the Seven Seas {spect, rF-
                  | rC+ rCorr Dex+3}
 15107 | Gauntlet | Identified the amulet "Irema" {Faith rElec Int+2}
 15107 | Gauntlet | Noticed a minotaur
 15113 | Gauntlet | Mangled by a +7 falchion of the Seven Seas {spect, rF- rC+
                  | rCorr Dex+3}

Illustrated notes

Levels and vault maps discovered:
D:1:      co_arrival_random_square_maze, layout_rooms, serial_shops, shop,
          hellmonk_ecumenical_altar_crossroads
D:2:      layout_rooms
D:3:      layout_basic, uniq_natasha
D:4:      layout_cave_pods, enter_ossuary_4, serial_shops, shop
D:5:      kennysheep_kobold_camp, layout_basic, kennysheep_donut,
          hellmonk_bongcloud_opening, st_stairs_3, hangedman_feature_mirror,
          minmay_misc_feat_ornament, minmay_fountain_box, sword_in_stone,
          uniq_eustachio
D:6:      layout_layer_cave, mainiacjoe_overflow_concentric_impassable,
          temple_statues, gammafunk_ghost_hive, gup_sewer_entry_bubbles,
          uniq_edmund
D:7:      layout_basic
D:8:      layout_loops_ring, zin_treasury, minmay_statues_item,
          nicolae_alphabet_shops, grunt_ministairs_7, dk_rats_in_the_wall
D:9:      layout_roguey
D:10:     layout_irregular_city, gammafunk_ghost_berserking_beasts,
          kennysheep_windowed_goal
D:11:     layout_roguey, david_lair_generic, grunt_ministairs_3
D:12:     layout_basic, minmay_orc_entry_guard_dogs, gauntlet_entry_generic
Temple:   nicolae_temple_bog_church
Gauntlet: gammafunk_gauntlet_mixed_choke_point
          [minmay_gauntlet_arena_77_two_paths, minmay_gauntlet_arena_77_path,
          minmay_gauntlet_arena_77_broken_ladder,
          nicolae_gauntlet_arena_flowing_pool,
          minmay_gauntlet_arena_77_radiant_squares,
          minmay_gauntlet_arena_77_terracotta_army,
          minmay_gauntlet_arena_77_museum, dreamdust_gauntlet_exit_labyrinth]

Skill      XL: |  1  2  3  4  5  6  7  8  9 10 11 12 |
---------------+-------------------------------------+-----
Stealth        | 3 4 5 6 |  6.4
Conjurations   | 5 6 7 9 10 11 | 11.1
Spellcasting   | 3 4 5 6 8 9 |  9.8
Fighting       | 1 2 3 4 |  4.9
Short Blades   | 3 |  3.8
Dodging        | 3 4 5 6 |  6.1
Translocations | 1 2 3 4 |  4.0
Long Blades    | 3 4 |  4.0
Earth Magic    | 2 4 |  4.9
Shields        | 2 |  2.2

Action                     |  1- 3 |  4- 6 |  7- 9 | 10-12 || total
---------------------------+-------+-------+-------+-------++-------
  Melee: Unarmed           |     4 |       |       |       ||     4
         Constrict         |     9 |    10 |    18 |    18 ||    55
         Tentacles         |     2 |     9 |    27 |    33 ||    71
         Short sword       |    20 |    40 |    77 |    31 ||   168
         Punch             |     1 |     2 |     1 |       ||     4
         Long sword        |       |       |    13 |   105 ||   118
   Cast: Magic Dart        |    56 |   108 |   239 |   126 ||   529
         Searing Ray       |       |     5 |    22 |     9 ||    36
         Iskenderun's Myst |       |     2 |    20 |    43 ||    65
         Stone Arrow       |       |       |       |   132 ||   132
 Invoke: Call Merchant     |       |       |       |     1 ||     1
  Evoke: Wand              |       |       |     1 |     1 ||     2
         Phantom mirror    |       |       |       |     1 ||     1
    Use: Potion            |       |     2 |       |     5 ||     7
         Scroll            |       |    14 |    10 |     5 ||    29
   Stab: Sleeping          |     1 |     2 |       |     5 ||     8
 Armour: Skin              |     1 |     3 |    30 |    71 ||   105
  Dodge: Dodged            |    28 |    42 |    96 |   167 ||   333
  Block: Buckler           |       |       |     8 |    69 ||    77
